 Dungeon Crawl Stone Soup version 0.23.0-3-gf3c87f2 (webtiles) character file.

Game seed: 8839541570942114065

1108 MovingMist the Fighter (level 8, -2/54 HPs)
             Began as a Gargoyle Fighter on Feb 21, 2019.
             Was an Initiate of Okawaru.
             Slain by a vampire (4 damage)
             ... on level 7 of the Dungeon.
             The game lasted 00:11:21 (5312 turns).

MovingMist the Fighter (Gargoyle Fighter)           Turns: 5312, Time: 00:11:21

Health: -2/54      AC: 17    Str: 19    XL:     8   Next: 33%
Magic:  8/8        EV:  5    Int: 10    God:    Okawaru [......]
Gold:   330        SH: 10    Dex: 11    Spells: 7/7 levels left

rFire    . . .     SeeInvis .   q - +0 war axe (freeze)
rCold    . . .     Gourm    .   c - +1 shield
rNeg     + + .     Faith    .   p - +0 chain mail
rPois    ∞         Spirit   .   s - +0 helmet
rElec    +         Reflect  .   (no cloak)
rCorr    .         Harm     .   (no gloves)
MR       .....                  (no boots)
Stlth    ..........             z - amulet of the acrobat
HPRegen  0.18/turn              r - ring of positive energy
MPRegen  0.11/turn              (no ring)

@: no status effects
A: negative energy resistance 1, electricity resistance, unbreathing,
petrification resistance, rot immunity, AC +5
a: Renounce Religion


You were on level 7 of the Dungeon.
You worshipped Okawaru.
Okawaru was noncommittal.
You were not hungry.

You visited 2 branches of the dungeon, and saw 8 of its levels.
You also visited: Sewer.

You collected 330 gold pieces.

Inventory:

Hand Weapons
 a - a +0 flail
 q - a +0 war axe of freezing (weapon)
Armour
 c - a +1 shield (worn)
 p - a +0 chain mail (worn)
 s - a +0 helmet (worn)
Jewellery
 l - a +3 ring of intelligence
 r - a ring of positive energy (left hand)
 y - an uncursed ring of wizardry
 z - an amulet of the acrobat (around neck)
Wands
 t - a wand of flame (16)
Scrolls
 b - 2 scrolls of enchant armour
 e - 2 scrolls of amnesia {unknown}
 h - 2 scrolls of teleportation {unknown}
 i - 3 scrolls of blinking
 j - 2 scrolls of fear {unknown}
 m - 2 scrolls of remove curse {unknown}
 n - 2 scrolls of identify
Potions
 d - a potion of might
 g - 2 potions of heal wounds {unknown}
 k - a potion of flight {unknown}
 o - a potion of lignification {unknown}
 u - 2 potions of haste {unknown}
 v - a potion of cancellation {unknown}
 w - a potion of agility {unknown}
 x - a potion of brilliance {unknown}
Comestibles
 f - 8 rations
 A - a chunk of flesh


   Skills:
 + Level 8.0 Fighting
 + Level 2.6(3.5) Axes
 - Level 3.9(4.4) Maces & Flails
 + Level 6.1 Armour
 * Level 0.6 Dodging
 - Level 3.2 Shields


You had 7 spell levels left.
You didn't know any spells.
Your spell library was empty.

Dungeon Overview and Level Annotations

Branches:
Dungeon (7/15)             Temple (1/1) D:6

Altars:
Ashenzari
Cheibriados
Dithmenos
Kikubaaqudgha
Nemelex Xobeh
Okawaru
Qazlal
Wu Jian
The Shining One


Innate Abilities, Weirdness & Mutations

You are resistant to torment.
Your stone body is resilient. (AC +5)
You are immune to poison.
You resist negative energy. (rN+)
You are resistant to electric shocks. (rElec)
You can survive without breathing.
You are immune to petrification.
You are immune to rotting.


Message History

You hit something but do no damage. Something hits you but does no damage.
You block something's attack. Something hits you but does no damage.
Something bites you.
You closely miss something. Something hits you. Something bites you!
You slash something! You freeze something.
Unholy energy fills the air.
* * * LOW HITPOINT WARNING * * *
You hit something.
Unholy energy fills the air.
* * * LOW HITPOINT WARNING * * *
Unholy energy fills the air.
* * * LOW HITPOINT WARNING * * *
Your shield and chain mail prevent you from hitting something.
Something hits you but does no damage. Something bites you!
* * * LOW HITPOINT WARNING * * *
You hit something but do no damage. Something hits you but does no damage.
Something bites you but does no damage. You block something's attack.
Something bites you but does no damage.
You hit something. You freeze something. Something hits you but does no damage.
You block something's attack.
You hit something. Something hits you.
You die...

#..........##.......
....##..........#.#
..# #<.....#.### # .
.##......#...#
..>..........#
......##.#..##
.......#.#..#
............#
...#...@...##
#....{....#
#.........#
..........##
#...........#
...#>...(....#
...#.........# ..
#..........


There were no monsters in sight!

Vanquished Creatures
  Sigmund (D:3)
  A centaur (D:5)
  A bullfrog (D:5)
  3 scorpions
  2 howler monkeys
  A centaur zombie (D:6)
  2 crimson imps (D:6)
  A hound (D:4)
  2 orc priests (D:6)
  3 orc wizards (D:4)
  2 iguanas
  3 worker ants
  A howler monkey skeleton (D:6)
  3 adders
  2 shadow imps (D:6)
  An ooze (D:3)
  2 adder skeletons
  3 worms
  2 leopard geckos
  19 orcs
  6 ball pythons
  8 bats
  3 giant cockroaches
  6 goblins
  8 hobgoblins
  12 jackals
  7 kobolds
  2 quokkas
  A jackal skeleton (D:4)
  A leopard gecko skeleton (D:6)
  A quokka skeleton (D:6)
  2 rats
  A bush (D:5)
113 creatures vanquished.

Notes
Turn   | Place    | Note
-------+----------+-------------------------------------------
     0 | D:1      | MovingMist the Gargoyle Fighter began the quest for the
                  | Orb.
     0 | D:1      | Reached XP level 1. HP: 14/14 MP: 1/1
   265 | D:1      | Reached XP level 2. HP: 18/19 MP: 2/2
   626 | D:2      | Reached skill level 4 in Fighting
   626 | D:2      | Reached XP level 3. HP: 18/24 MP: 3/3
  1448 | D:3      | Noticed Sigmund
  1473 | D:3      | HP: 1/24 [Sigmund/puff of flame (2)]
  1479 | D:3      | Killed Sigmund
  1479 | D:3      | Reached skill level 5 in Fighting
  1479 | D:3      | Reached XP level 4. HP: 1/31 MP: 4/4
  1479 | D:3      | Reached XP level 5. HP: 1/35 MP: 5/5
  1572 | D:3      | Found a glowing drain.
  1625 | Sewer    | Entered a sewer
  1652 | Sewer    | HP: 1/35 [leopard gecko (2)]
  2111 | D:3      | Reached XP level 6. HP: 35/40 MP: 6/6
  3117 | D:4      | Reached skill level 6 in Fighting
  3218 | D:4      | Reached skill level 5 in Armour
  3218 | D:4      | Reached XP level 7. HP: 29/47 MP: 7/7
  3649 | D:5      | Entered Level 5 of the Dungeon
  3970 | D:5      | Reached skill level 1 in Axes
  3999 | D:5      | Reached skill level 7 in Fighting
  4529 | D:6      | Reached XP level 8. HP: 53/53 MP: 8/8
  4569 | D:6      | Found a staircase to the Ecumenical Temple.
  4598 | Temple   | Entered the Ecumenical Temple
  4618 | Temple   | Became a worshipper of Warmaster Okawaru
  4950 | D:6      | Reached skill level 8 in Fighting
  5286 | D:7      | Noticed a vampire
  5309 | D:7      | HP: 1/54 [something (8)]
  5312 | D:7      | Slain by a vampire

Skill      XL: |  1  2  3  4  5  6  7  8 |
---------------+-------------------------+-----
Fighting       | 4 5 6 7 8 |  8.0
Maces & Flails | 3 |  3.9
Armour         | 4 5 6 |  6.1
Axes           | 2 |  2.6
Dodging        | |  0.6
Shields        | |  3.2

Action                   |  1- 3 |  4- 6 |  7- 9 || total
-------------------------+-------+-------+-------++-------
Melee: Flail             |   115 |   209 |       ||   324
       War axe           |       |       |   154 ||   154
  Use: Scroll            |     4 |     2 |     4 ||    10
       Potion            |       |     1 |       ||     1
  Eat: Ration            |     1 |       |     1 ||     2
       Chunk             |       |     5 |     3 ||     8
Armor: Scale mail        |    67 |   129 |       ||   196
       Chain mail        |       |    31 |   122 ||   153
Dodge: Dodged            |    42 |    85 |    38 ||   165
Block: Shield            |    67 |   158 |   101 ||   326
